 Dungeon Crawl Stone Soup version 0.28.0-45-g0d030f2227 (webtiles) character file.

Game seed: 8629462374204950339

1237 Fartwhistle the Caller (level 8, -5/62 HPs)
             Began as a Hill Orc Summoner on May 14, 2022.
             Was an Initiate of Hepliaklqana.
             Engulfed by their own flame (19 damage)
             ... on level 6 of the Dungeon.
             The game lasted 00:29:48 (10458 turns).

Fartwhistle the Caller (Hill Orc Summoner)         Turns: 10458, Time: 00:29:49

Health: -5/62      AC:  4    Str: 11    XL:     8   Next: 49%
Magic:  4/13       EV: 16    Int: 17    God:    Hepliaklqana [......]
Gold:   342        SH:  0    Dex: 11    Spells: 1/14 levels left

rFire   . . .      SeeInvis .   f - +1 hunting sling (freeze)
rCold   + . .      Faith    .   (no shield)
rNeg    . . .      Spirit   .   a - +0 robe
rPois   .          Reflect  .   (no helmet)
rElec   .          Harm     .   D - +0 cloak
rCorr   .          Rampage  .   E - +0 pair of gloves
Will    .....                   (no boots)
Stlth   ++........              (no amulet)
HPRegen 0.20/turn               n - ring of protection from cold
MPRegen 0.13/turn               u - +4 ring of evasion

@: no status effects
A: no striking features
a: Renounce Religion


You were on level 6 of the Dungeon.
You worshipped Hepliaklqana.
Hepliaklqana was noncommittal.
You visited 2 branches of the dungeon, and saw 7 of its levels.

You collected 342 gold pieces.

Inventory:

Hand Weapons
 f - a +1 hunting sling of freezing (weapon)
 x - a +0 lajatang
 z - a +0 falchion of holy wrath
 C - a +1 whip of flaming
Missiles
 g - 103 stones (quivered ammo)
 t - 2 throwing nets
Armour
 a - a +0 robe (worn)
 y - a scarf of harm
 D - a +0 cloak (worn)
 E - a +0 pair of gloves (worn)
Jewellery
 b - a ring of protection from fire
 n - a ring of protection from cold (left hand)
 u - a +4 ring of evasion (right hand)
 v - an amulet of reflection
Wands
 c - a wand of flame (6)
 j - a wand of acid (8)
 o - a wand of iceblast (2)
 B - a wand of charming (10)
Scrolls
 d - a scroll of blinking
 h - a scroll of magic mapping {unknown}
 k - 3 scrolls of immolation
 l - 2 scrolls of teleportation
 r - a scroll of fear
 s - 2 scrolls of fog {unknown}
 w - a scroll of holy word
Potions
 e - a potion of lignification
 i - a potion of attraction {unknown}
 m - a potion of haste
 p - a potion of might
 q - a potion of berserk rage
 A - a potion of heal wounds
 F - a potion of degeneration {unknown}


   Skills:
 + Level 2.7 Fighting
 + Level 3.5 Dodging
 - Level 1.5 Stealth
 + Level 3.9 Spellcasting
 * Level 7.8 Summonings
 * Level 2.2 Air Magic


You had one spell level left.
You knew the following spells:

 Your Spells              Type           Power      Damage    Failure   Level
a - Summon Small Mammal   Summ           100%       N/A       1%          1
b - Call Imp              Summ           30%        N/A       1%          2
c - Call Canine Familiar  Summ           30%        N/A       1%          3
d - Summon Guardian Gole  Hex/Summ       16%        N/A       10%         3
e - Summon Lightning Spi  Summ/Air       20%        N/A       21%         4

Your spell library contained the following spells:

 Spells                   Type           Power      Damage    Failure   Level
 Corpse Rot               Necr/Air       14%        N/A       16%         2
 Poisonous Vapours        Pois/Air       14%        N/A       16%         2
 Fireball                 Conj/Fire      1%         3d3       99%         5
 Starburst                Conj/Fire      1%         6d3       100%        6
 Ignition                 Fire           1%         3d3       100%        8


Dungeon Overview and Level Annotations

Branches:
Dungeon (6/15)             Temple (1/1) D:6

Altars:
Ashenzari
Cheibriados
Dithmenos
Elyvilon
Fedhas
Hepliaklqana
Kikubaaqudgha
Makhleb
Nemelex Xobeh
Okawaru
Qazlal
Ru
Sif Muna
Trog
Uskayaw
Vehumet
Wu Jian
Xom
Yredelemnul
Zin
The Shining One


Message History

Press: ? - help, Q - select action, (/) - cycle Dir - look around, f - activate
Okay, then.
Casting: Summon Small Mammal (safe; 1% risk of failure)
Press: ? - help, Q - select action, (/) - cycle Dir - look around, f - activate
Okay, then.
Casting: Summon Small Mammal (safe; 1% risk of failure)
Confirm with . or Enter, or press ? or * to list all spells.
A guardian golem appears, shielding your allies.
You swap places.
The hornet zombie hits your guardian golem.
The hornet zombie hits your guardian golem!
The hornet zombie hits your guardian golem.
The hornet zombie hits your guardian golem.
The hornet zombie completely misses your guardian golem.
Your magical contamination has completely faded away.
The hornet zombie barely misses your guardian golem.
The hornet zombie hits your guardian golem.
Your guardian golem overheats!
The hornet zombie hits your guardian golem but does no damage. x2
The hornet zombie completely misses your guardian golem.
The hornet zombie hits your guardian golem but does no damage.
The hornet zombie hits your guardian golem.
Flame seeps out of your guardian golem.
The hornet zombie hits your guardian golem.
Flame seeps out of your guardian golem.
Your guardian golem is engulfed in blazing flames.
Flame seeps out of your guardian golem.
The hornet zombie hits your guardian golem.
Flame seeps out of your guardian golem.
Your guardian golem is engulfed in blazing flames.
Flame seeps out of your guardian golem.
The hornet zombie hits your guardian golem.
Your guardian golem disappears in a puff of smoke!
Your guardian golem explodes!
The fiery explosion engulfs the hornet zombie!!!
The fiery explosion engulfs you!!!
Ouch! That really hurt!
* * * LOW HITPOINT WARNING * * *
You are engulfed in blazing flames.
You die... ..[...# ######## .....# Z.ZY.OX#

.....# # ######.#
....#.# ###.# ....#.#
#...# #.#####.....###
#...#.##....8§Z§......
####..(#.## ####.§.#
#.........#.##..@§§###
........#.#>..........#
........#
####.#####.....
........# #....# .....
#.......# #######.#
.... #.......# .... #.#
... #...:...# ..... #.#
....KK #.......# ..[..
#.# . ##K ........#
.....##.#####.##K


You could see a hornet zombie.

Vanquished Creatures
  A wight (D:5)
  An iguana (D:4)
  An orc wizard (D:4)
  2 gnolls
  An adder (D:4)
  A worm (D:2)
  5 orcs
  3 endoplasms
  3 giant cockroaches
  4 hobgoblins
  A jackal (D:2)
  A quokka (D:2)
  A bat (D:2)
  A goblin (D:3)
  4 kobolds
  A rat (D:2)
31 creatures vanquished.

Vanquished Creatures (collateral kills)
  Eustachio (D:5)
  A lemure (D:5)
  A howler monkey (D:4)
  A hound (D:6)
  An orc wizard (D:4)
  5 gnolls
  6 adders
  2 white imps (D:5)
  An ufetubus (D:5)
  A worm (D:4)
  A dart slug (D:3)
  5 orcs
  2 bats (D:1)
  4 endoplasms
  4 giant cockroaches
  7 goblins
  4 hobgoblins
  4 jackals
  2 quokkas (D:3)
  6 ball pythons
  5 frilled lizards
  7 kobolds
  3 rats
74 creatures vanquished.

Vanquished Creatures (others)
  Pikel (D:5)
  A centaur (D:5)
  3 lemures (D:5)
  2 wights (D:5)
  A centaur zombie (D:4)
  A hound (D:5)
  Ijyb (D:5)
  2 orcs (D:5)
12 creatures vanquished.

Grand Total: 117 creatures vanquished

Notes
Turn   | Place    | Note
-------+----------+-------------------------------------------
     0 | D:1      | Fartwhistle the Hill Orc Summoner began the quest for the
                  | Orb.
     0 | D:1      | Reached XP level 1. HP: 14/14 MP: 3/3
   464 | D:1      | Reached XP level 2. HP: 22/22 MP: 0/4
   465 | D:1      | Reached skill level 1 in Fighting
  1060 | D:1      | Found a faded altar of an unknown god.
  1653 | D:1      | Reached XP level 3. HP: 28/28 MP: 2/6
  1659 | D:1      | Learned a level 2 spell: Call Imp
  2674 | D:2      | Reached XP level 4. HP: 35/35 MP: 7/7
  2730 | D:2      | Reached skill level 5 in Summonings
  3019 | D:2      | Learned a level 3 spell: Call Canine Familiar
  3140 | D:2      | Found a basalt altar of Yredelemnul.
  3749 | D:3      | Reached XP level 5. HP: 40/40 MP: 2/8
  4514 | D:4      | Learned a level 3 spell: Summon Guardian Golem
  4710 | D:4      | Reached XP level 6. HP: 32/47 MP: 0/10
  4938 | D:4      | Reached skill level 6 in Summonings
  6416 | D:5      | Entered Level 5 of the Dungeon
  6566 | D:5      | Noticed Eustachio
  6964 | D:5      | Killed Eustachio
  6965 | D:5      | Reached XP level 7. HP: 15/52 MP: 5/11
  7350 | D:5      | Reached skill level 7 in Summonings
  7600 | D:5      | Noticed Ijyb
  7635 | D:5      | Killed Ijyb
  7923 | D:5      | Learned a level 4 spell: Summon Lightning Spire
  8922 | D:5      | Noticed Pikel
  8934 | D:5      | Killed Pikel
  8935 | D:5      | Reached XP level 8. HP: 56/62 MP: 7/13
  9218 | D:6      | Noticed a nameless horror
 10019 | D:6      | Noticed a nameless horror
 10081 | D:6      | Found a staircase to the Ecumenical Temple.
 10086 | Temple   | Entered the Ecumenical Temple
 10348 | Temple   | Became a worshipper of Hepliaklqana the Forgotten
 10458 | D:6      | Engulfed by their own flame

Illustrated notes

Levels and vault maps discovered:
D:1:      mrwooster_arrival_statue, layout_basic,
          shapermc_ecumenical_altar_mp_vishouse
D:2:      layout_loops_cross, basic_altar, minmay_pentomino_o2
D:3:      layout_rooms
D:4:      layout_layer_cave, portal_sewer_entry_e
D:5:      layout_loops_corners, grunt_decor_arrowhead,
          hangedman_abyss_or_decor_slice, uniq_ijyb, uniq_pikel, uniq_eustachio
D:6:      layout_basic, minmay_temple_entry_waves, gammafunk_ghost_necromancy,
          minmay_checkerbox
Temple:   kilobyte_greek_temple

Skill      XL: |  1  2  3  4  5  6  7 |
---------------+----------------------+-----
Fighting       | 1 2 |  2.7
Spellcasting   | 2 3 |  3.9
Summonings     | 5 6 7 |  7.8
Dodging        | 2 3 |  3.5
Air Magic      | 2 |  2.2
Stealth        | |  1.5

Action                   |  1- 3 |  4- 6 |  7- 9 || total
-------------------------+-------+-------+-------++-------
Melee: Unarmed           |    20 |       |       ||    20
       Club              |    15 |       |       ||    15
       Hunting sling     |       |     1 |       ||     1
       Lajatang          |       |     3 |     7 ||    10
 Fire: Hunting sling     |    19 |    87 |    22 ||   128
 Cast: Summon Small Mamm |    49 |     1 |     2 ||    52
       Call Imp          |    13 |    13 |       ||    26
       Call Canine Famil |       |    19 |     8 ||    27
       Summon Guardian G |       |    16 |    21 ||    37
       Summon Lightning  |       |       |     4 ||     4
  Use: Potion            |     1 |     3 |       ||     4
       Scroll            |     1 |       |     9 ||    10
 Stab: Sleeping          |     1 |       |       ||     1
Armor: Robe              |    27 |    20 |    10 ||    57
       Skin              |       |    22 |       ||    22
Dodge: Dodged            |   103 |   118 |    62 ||   283
